 Dungeon Crawl Stone Soup version 0.21-a0-442-g848f44b (webtiles) character file.

21 AverageBear the Cutter (level 2, 0/18 HPs)
             Began as a Deep Elf Fighter on Nov 13, 2017.
             Slain by a jackal (2 damage)
             ... on level 1 of the Dungeon.
             The game lasted 00:00:33 (265 turns).

AverageBear the Cutter (Deep Elf Fighter)            Turns: 265, Time: 00:00:34

Health: 0/18       AC:  7    Str: 13    XL:     2   Next: 62%
Magic:  4/4        EV:  6    Int: 12    God:
Gold:   26         SH:  8    Dex: 14    Spells: 1/1 levels left

rFire    . . .     SeeInvis .   a - +0 rapier
rCold    . . .     Gourm    .   c - +0 shield
rNeg     . . .     Faith    .   b - +0 scale mail
rPois    .         Spirit   .   (no helmet)
rElec    .         Reflect  .   (no cloak)
rCorr    .         Harm     .   (no gloves)
MR       .....                  e - +0 pair of boots
Stlth    ..........             (no amulet)
HPRegen  0.06/turn              (no ring)
MPRegen  0.09/turn              (no ring)

@: drained
A: no striking features
a: no special abilities


You were on level 1 of the Dungeon.
You were not hungry.

You visited 1 branch of the dungeon, and saw 1 of its levels.

You collected 26 gold pieces.

Inventory:

Hand Weapons
 a - a +0 rapier (weapon)
Armour
 b - a +0 scale mail (worn)
 c - a +0 shield (worn)
 e - a +0 pair of boots (worn)
Potions
 d - a potion of might
Comestibles
 f - a bread ration
 g - 3 chunks of flesh


   Skills:
 - Level 2.4(2.3) Fighting
 + Level 3.2 Short Blades
 - Level 2.4(2.3) Armour
 - Level 2.4(2.3) Shields


You had one spell level left.
You didn't know any spells.

Dungeon Overview and Level Annotations

Branches:
Dungeon (1/15)

Altars:


Message History

You barely miss the jackal.
The jackal is severely wounded.
The jackal bites you but does no damage.
The goblin hits you but does no damage.
The jackal bites you but does no damage. x2
As you read the scroll labeled IFUEF FOIFRU, it crumbles to dust.
You feel blessed for a moment.
It was a scroll of remove curse.
You block the jackal's attack. The goblin hits you but does no damage.
You block the jackal's attack. x2
Okay, then.
You block the jackal's attack.
The jackal bites you but does no damage.
The goblin hits you but does no damage.
Some of the chunks of flesh in your inventory have rotted away.
Your shield and scale mail prevent you from hitting the jackal.
The jackal is severely wounded.
The jackal bites you.
* * * LOW HITPOINT WARNING * * *
The jackal bites you.
You die...

..##......##...#..........##...
..........#......)..).....##...
###...#.#................#...
.............................
............#................
...........#................
..........#......#.........
#..#..g##......#......... ..
#.....gh@................ ..##
##.....#.................
....#.###.####........####.....
......#...##..........# #...).
......#....#..........# ##.....
......#....#..........###......
...........#...................
...........#................###
.......).#..................# #


You could see a jackal, a hobgoblin and a goblin.

Vanquished Creatures
  A leopard gecko (D:1)
  A bat (D:1)
  A hobgoblin (D:1)
  4 jackals (D:1)
  A frilled lizard (D:1)
  6 goblins (D:1)
  2 kobolds (D:1)
  2 rats (D:1)
18 creatures vanquished.

Notes
Turn   | Place    | Note
-------+----------+-------------------------------------------
     0 | D:1      | AverageBear the Deep Elf Fighter began the quest for the Orb.
     0 | D:1      | Reached XP level 1. HP: 13/13 MP: 3/3
   138 | D:1      | Reached XP level 2. HP: 17/18 MP: 4/4
   162 | D:1      | Reached skill level 3 in Short Blades
   265 | D:1      | Slain by a jackal

Vault maps used:
D:1:      dpeg_arrival_arbitrary_c

Skill      XL: |  1  2 |
---------------+-------+-----
Short Blades   | 3 |  3.2
Fighting       | |  2.4
Armour         | |  2.4
Shields        | |  2.4

Action                   || total
-------------------------++-------
Melee: Rapier            ||    70
  Use: Scroll            ||     1
Armor: Scale mail        ||    63
Dodge: Dodged            ||    27
Block: Shield            ||    42

Table legend:
 A = Spawn XP
 B = Non-spawn XP
 C = Spawn XP percentage of total XP
 D = Spawn monster count
 E = Non-spawn monster count
 F = Spawn count percentage of total count
 G = Total turns spent on level
                    A         B        C        D         E        F      G
               +---------+---------+-------+---------+---------+-------+---------
         Total |       0 |      30 |   0.0 |       0 |      18 |   0.0 |   265
               +---------+---------+-------+---------+---------+-------+---------
           D:1 |       0 |      30 |   0.0 |       0 |      18 |   0.0 |   265
               +---------+---------+-------+---------+---------+-------+---------
